 Dungeon Crawl Stone Soup version 0.26.0-18-gc5c842f807 (webtiles) character file.

Game seed: 2566247468465586896

6199 promet the Chucker (level 10, 0/79 HPs)
             Began as a Gnoll Wanderer on Jan 23, 2021.
             Was an Elder of Nemelex Xobeh.
             Slain by a cane toad (14 damage)
             ... on level 1 of the Lair of Beasts on Jan 24, 2021.
             The game lasted 02:04:36 (14405 turns).

promet the Chucker (Gnoll Wanderer)                Turns: 14405, Time: 02:04:37

Health: 0/79       AC: 10    Str: 18    XL:     10   Next: 91%
Magic:  18/18      EV: 15    Int: 15    God:    Nemelex Xobeh [****..]
Gold:   660        SH:  0    Dex: 14    Spells: 6/20 levels left

rFire    . . .     SeeInvis .   a - +2 trident (venom)
rCold    . . .     Faith    .   (no shield)
rNeg     . . .     Spirit   .   I - +2 robe
rPois    +         Reflect  .   m - +1 helmet
rElec    .         Harm     .   (no cloak)
rCorr    .         Rampage  .   h - +2 pair of gloves
Will     .....                  (no boots)
Stlth    +++.......             (no amulet)
HPRegen  0.23/turn              (no ring)
MPRegen  0.16/turn              H - ring of poison resistance

@: no status effects
A: distributed training, fangs 1, strong nose
a: Renounce Religion, Draw Escape, Draw Destruction, Draw Summoning, Triple
Draw, Deal Four


You were on level 1 of the Lair of Beasts.
You worshipped Nemelex Xobeh.
Nemelex Xobeh was greatly pleased with you.
You visited 2 branches of the dungeon, and saw 11 of its levels.

You collected 660 gold pieces.

Inventory:

Hand Weapons
 a - a +2 trident of venom (weapon)
 d - a +1 triple sword of holy wrath
 o - a +1 dagger of chaos
 r - a +3 rapier
 u - a +2 trident of freezing
 z - a +4 scimitar
 B - the +1 dagger of War {freeze, Will+ Str+6}
   (You found it on level 6 of the Dungeon)

   It has been specially enchanted to freeze those struck by it, causing extra
   injury to most foes and up to half again as much damage against particularly
   susceptible opponents.
   It can also slow down cold-blooded creatures.
   It affects your strength (+6).
   It affects your willpower, your defense against some magical effects.
 C - a +0 flail
 E - a +0 shortbow
 M - a +0 hunting sling
Missiles
 e - 5 curare-tipped darts
 f - 35 bolts
 g - 98 sling bullets
 i - 191 arrows
 j - 472 stones
 k - 75 poisoned darts (quivered)
Armour
 h - a +2 pair of gloves (worn)
 m - a +1 helmet (worn)
 y - a +0 kite shield
 I - a +2 robe (worn)
Jewellery
 H - a ring of poison resistance (right hand)
Wands
 p - a wand of polymorph (4)
 F - a wand of random effects (17)
 G - a wand of acid (8)
 J - a wand of paralysis (20)
 K - a wand of flame (16)
Scrolls
 c - 6 scrolls of teleportation
 s - 3 scrolls of amnesia
 v - a scroll of fog
 L - 2 scrolls of identify
Potions
 b - a potion of magic
 n - a potion of brilliance
 t - a potion of curing
 w - 4 potions of ambrosia
 x - a potion of resistance
 A - 3 potions of flight


   Skills:
 + Level 7.4 Fighting
 + Level 5.7 Short Blades
 + Level 5.7 Long Blades
 + Level 5.7 Axes
 + Level 5.7 Maces & Flails
 + Level 7.4 Polearms
 + Level 7.4 Staves
 + Level 5.7 Slings
 + Level 5.7 Bows
 + Level 5.7 Crossbows
 + Level 7.4 Throwing
 + Level 5.7 Armour
 + Level 5.7 Dodging
 + Level 7.2 Stealth
 + Level 5.7 Shields
 + Level 5.7 Unarmed Combat
 + Level 5.7 Spellcasting
 + Level 4.7 Conjurations
 + Level 4.7 Hexes
 + Level 4.7 Summonings
 + Level 4.7 Necromancy
 + Level 4.7 Translocations
 + Level 4.7 Transmutations
 + Level 4.7 Fire Magic
 + Level 4.7 Ice Magic
 + Level 4.7 Air Magic
 + Level 4.7 Earth Magic
 + Level 4.7 Poison Magic
 + Level 6.3 Invocations
 + Level 5.7 Evocations


You had 6 spell levels left.
You knew the following spells:

 Your Spells              Type           Power        Failure   Level
a - Confusing Touch       Hex            18%          6%          3
b - Gell's Gravitas       Tloc           9%           6%          3
c - Sandblast             Erth           36%          2%          1
d - Stone Arrow           Conj/Erth      36%          6%          3
e - Call Imp              Summ           18%          3%          2
f - Searing Ray           Conj           36%          3%          2

Your spell library contained the following spells:

 Spells                   Type           Power        Failure   Level
 Animate Skeleton         Necr           36%          2%          1
 Apportation              Tloc           36%          2%          1
 Corona                   Hex            20%          2%          1
 Magic Dart               Conj           72%          2%          1
 Summon Small Mammal      Summ           72%          2%          1
 Passwall                 Tmut/Erth      15%          3%          2
 Call Canine Familiar     Summ           18%          6%          3
 Dazzling Flash           Conj/Hex       36%          6%          3
 Summon Guardian Golem    Hex/Summ       18%          6%          3
 Fulminant Prism          Conj/Hex       9%           22%         4
 Iskenderun's Mystic Bla  Conj/Tloc      18%          22%         4
 Petrify                  Tmut/Erth      18%          22%         4
 Summon Ice Beast         Ice/Summ       18%          22%         4
 Summon Lightning Spire   Summ/Air       18%          22%         4
 Lee's Rapid Deconstruct  Erth           9%           52%         5
 Metabolic Englaciation   Hex/Ice        9%           52%         5
 Yara's Violent Unravell  Hex/Tmut       9%           52%         5


Dungeon Overview and Level Annotations

Branches:
Dungeon (10/15)            Temple (0/1) D:6            Lair (1/6) D:8
    Orc: D:9-12

Altars:
Cheibriados
Makhleb
Nemelex Xobeh
Ru
Vehumet
Xom
The Shining One

Annotations:
D:5 Sword Puzzle


Innate Abilities, Weirdness & Mutations

Your experience applies equally to all skills.
You have very sharp teeth.
Your uncanny sense of smell can sniff out nearby items.


Message History

The cane toad looks as sick as possible!
The cane toad is severely wounded.
The cane toad stings you.
You hit the cane toad but do no damage.
The cane toad is severely wounded.
The cane toad stings you!
You hit the cane toad.
The cane toad is severely wounded.
The cane toad stings you!!
You hit the cane toad but do no damage.
The cane toad is severely wounded.
The cane toad closely misses you.
You hit the cane toad.
The cane toad looks as sick as possible!
The cane toad is almost dead.
The cane toad closely misses you. The cane toad stings you!
* * * LOW HITPOINT WARNING * * *
You feel better. The cane toad stings you!
You die...
Your body glows with a rainbow of weird colours and disappears.

....#...#.....#......#..
...#.#.#.....#........#
(.........P.....#.##.#
(#.#.#...#...#...##.# #
..#.#...#.#.#.#.##.# ##..
#(..#.#...#.#...##..
#...(#(#...#.#.#...#.#..#
.......F.#.#.#.#.#.#....#
#....#..@..#.....#...##.. .#.
#...#...#.#.....##.#
#.#.#.......#.#.#.#.#..#
#.#...#.#.#.#.#...#.##.#
#...#.#.#.......P...##.#
#...#..[..#.P...#......P
#...#.##.P.#.#.P.#..>#.#.#.##..
#...#.##.#...#.#.#...#...#.P#>P
#...#....#.#...#.....#.#.#.##.#


You could see a cane toad (extremely poisoned).

Vanquished Creatures
  A troll (D:8)
  Sigmund (D:4)
  A wraith (D:10)
  5 water moccasins
  2 ice beasts
  3 orc warriors
  6 sky beasts
  A black bear (D:10)
  A necrophage (D:10)
  2 ogres
  A phantom (D:4)
  2 centaurs
  3 wolves (D:8)
  2 big kobolds
  4 bullfrogs
  2 gnoll sergeants (D:5)
  2 scorpions
  10 killer bees
  13 wights
  4 electric eels (D:8)
  A howler monkey (D:5)
  4 crimson imps (D:4)
  4 bullfrog zombies
  A centaur zombie (D:10)
  5 hounds
  3 orc priests
  4 jellies
  4 orc wizards
  3 bullfrog skeletons
  3 iguanas
  9 worker ants
  3 hound skeletons
  A howler monkey zombie (D:3)
  10 adders
  7 gnolls
  A howler monkey skeleton (D:2)
  3 ufetubi
  2 oozes
  An adder skeleton (D:5)
  A worm (D:3)
  2 dart slugs (D:1)
  8 leopard geckos
  36 orcs
  6 bats
  7 giant cockroaches
  8 goblins
  5 hobgoblins
  9 jackals
  3 quokkas
  3 ball pythons
  3 frilled lizards
  2 giant cockroach zombies (D:3)
  20 kobolds
  A leopard gecko skeleton (D:5)
  A leopard gecko zombie (D:6)
  2 quokka skeletons (D:5)
  6 rats
258 creatures vanquished.

Vanquished Creatures (collateral kills)
  A hound (D:10)
  An iguana (D:10)
2 creatures vanquished.

Grand Total: 260 creatures vanquished

Notes
Turn   | Place    | Note
-------+----------+-------------------------------------------
     0 | D:1      | promet the Gnoll Wanderer began the quest for the Orb.
     0 | D:1      | promet set off with the following items: a +2 spear, a +0
                  | short sword, a scroll of teleportation, a +0 robe, a +0
                  | dagger
     0 | D:1      | Reached XP level 1. HP: 20/20 MP: 1/1
   182 | D:1      | Reached XP level 2. HP: 24/26 MP: 2/2
   527 | D:1      | Reached XP level 3. HP: 30/31 MP: 3/3
   941 | D:2      | Reached skill level 1 in Invocations
  1000 | D:2      | Reached skill level 1 in Short Blades
  1000 | D:2      | Reached skill level 1 in Long Blades
  1000 | D:2      | Reached skill level 1 in Axes
  1000 | D:2      | Reached skill level 1 in Maces & Flails
  1000 | D:2      | Reached skill level 1 in Slings
  1000 | D:2      | Reached skill level 1 in Bows
  1000 | D:2      | Reached skill level 1 in Crossbows
  1000 | D:2      | Reached skill level 1 in Armour
  1000 | D:2      | Reached skill level 1 in Dodging
  1000 | D:2      | Reached skill level 1 in Shields
  1000 | D:2      | Reached skill level 1 in Unarmed Combat
  1000 | D:2      | Reached skill level 1 in Spellcasting
  1000 | D:2      | Reached skill level 1 in Evocations
  1282 | D:2      | Reached XP level 4. HP: 38/38 MP: 5/5
  1701 | D:3      | Reached skill level 1 in Conjurations
  1701 | D:3      | Reached skill level 1 in Hexes
  1701 | D:3      | Reached skill level 1 in Summonings
  1701 | D:3      | Reached skill level 1 in Necromancy
  1701 | D:3      | Reached skill level 1 in Translocations
  1701 | D:3      | Reached skill level 1 in Transmutations
  1701 | D:3      | Reached skill level 1 in Fire Magic
  1701 | D:3      | Reached skill level 1 in Ice Magic
  1701 | D:3      | Reached skill level 1 in Air Magic
  1701 | D:3      | Reached skill level 1 in Earth Magic
  1701 | D:3      | Reached skill level 1 in Poison Magic
  2085 | D:3      | Reached XP level 5. HP: 43/43 MP: 6/6
  2255 | D:3      | Found a glowing drain.
  2751 | D:4      | Found a shimmering altar of Xom.
  2764 | D:4      | Reached XP level 6. HP: 49/50 MP: 8/8
  2826 | D:4      | Reached skill level 5 in Fighting
  2826 | D:4      | Reached skill level 5 in Polearms
  2826 | D:4      | Reached skill level 5 in Staves
  2826 | D:4      | Reached skill level 5 in Throwing
  3028 | D:4      | Reached XP level 7. HP: 55/56 MP: 10/10
  3771 | D:4      | Noticed Sigmund
  3776 | D:4      | Killed Sigmund
  3777 | D:4      | Reached skill level 5 in Stealth
  3839 | D:4      | Reached XP level 8. HP: 55/63 MP: 12/12
  4032 | D:4      | Found a burning altar of Makhleb.
  4033 | D:4      | Found a sparkling altar of Nemelex Xobeh.
  4038 | D:4      | Became a worshipper of Nemelex Xobeh the Trickster
  4106 | D:5      | Entered Level 5 of the Dungeon
  4643 | D:5      | Found a snail-covered altar of Cheibriados.
  4993 | D:5      | Noticed Blork the orc
  5000 | D:5      | Noticed Blork
  5000 | D:5      | Blork the orc changed into Blork the howler monkey
  5010 | D:5      | Killed Blork the howler monkey
  5251 | D:5      | Found a sacrificial altar of Ru.
  5252 | D:5      | Reached * piety under Nemelex Xobeh
  5325 | D:6      | Reached XP level 9. HP: 38/69 MP: 14/14
  5569 | D:6      | Received a gift from Nemelex Xobeh
  5587 | D:6      | Found a glowing golden altar of the Shining One.
  5737 | D:6      | Got a fading dagger
  5738 | D:6      | Identified the cursed +1 dagger of War {freeze, Will+
                  | Str+6} (You found it on level 6 of the Dungeon)
  5844 | D:6      | Found a staircase to the Ecumenical Temple.
  5903 | D:6      | Learned a level 3 spell: Confusing Touch
  5907 | D:6      | Learned a level 3 spell: Gell's Gravitas
  6179 | D:6      | Reached ** piety under Nemelex Xobeh
  7886 | D:7      | Received a gift from Nemelex Xobeh
  8865 | D:8      | Identified a scroll of acquirement
  8865 | D:8      | Acquired a +1 triple sword of holy wrath
  8873 | D:8      | Reached skill level 5 in Invocations
  9348 | D:8      | Reached XP level 10. HP: 66/77 MP: 14/17
  9588 | D:8      | Reached skill level 5 in Short Blades
  9588 | D:8      | Reached skill level 5 in Long Blades
  9588 | D:8      | Reached skill level 5 in Axes
  9588 | D:8      | Reached skill level 5 in Maces & Flails
  9588 | D:8      | Reached skill level 5 in Slings
  9588 | D:8      | Reached skill level 5 in Bows
  9588 | D:8      | Reached skill level 5 in Crossbows
  9588 | D:8      | Reached skill level 5 in Armour
  9588 | D:8      | Reached skill level 5 in Dodging
  9588 | D:8      | Reached skill level 5 in Shields
  9588 | D:8      | Reached skill level 5 in Unarmed Combat
  9588 | D:8      | Reached skill level 5 in Spellcasting
  9588 | D:8      | Reached skill level 5 in Evocations
  9745 | D:8      | Found a staircase to the Lair.
 11429 | D:9      | Received a gift from Nemelex Xobeh
 11465 | D:9      | Reached *** piety under Nemelex Xobeh
 11590 | D:9      | Found a radiant altar of Vehumet.
 11918 | D:9      | Learned a level 1 spell: Sandblast
 11922 | D:9      | Learned a level 3 spell: Stone Arrow
 12108 | D:9      | Received a gift from Nemelex Xobeh
 12441 | D:10     | Entered Level 10 of the Dungeon
 12993 | D:10     | Learned a level 2 spell: Call Imp
 13059 | D:10     | Reached **** piety under Nemelex Xobeh
 13717 | D:10     | Learned a level 2 spell: Searing Ray
 14168 | Lair:1   | Entered Level 1 of the Lair of Beasts
 14392 | Lair:1   | Noticed a cane toad
 14405 | Lair:1   | Slain by a cane toad

Illustrated notes

Levels and vault maps discovered:
D:1:      psy_arrival_heroes, layout_basic, minmay_heptomino_w4
D:2:      layout_rooms, serial_bayou_pond_e
D:3:      layout_basic, serial_undead, serial_undead_b, serial_undead_a,
          serial_undead_f, serial_undead_e, gup_sewer_entry_glass,
          serial_bayou_crossing
D:4:      layout_loops_corners, gammafunk_temple_overflow_statue, led_xom_imps,
          uniq_sigmund
D:5:      layout_rooms, nicolae_ru_the_path_less_chosen, lemuel_round_altar,
          sword_in_stone
D:6:      layout_layer_cave, minmay_temple_entry_waves, basic_altar
D:7:      layout_basic, serial_glass, glass_columns_c, glass_columns_b,
          glass_columns_b, glass_columns_b, glass_columns_a
D:8:      layout_basic, erik_lair_island
D:9:      layout_grid_maze, minmay_fountain_box, vehumet_altar_wand_db
D:10:     layout_long_grid, hangedman_decor_clover_reticule
Lair:1:   layout_long_grid, serial_bayou_shore_b, lemuel_fruit_fields

Skill      XL: |  1  2  3  4  5  6  7  8  9 10 |
---------------+-------------------------------+-----
Invocations    | 1 2 3 4 5 6 |  6.3
Short Blades   | 1 2 3 4 5 |  5.7
Long Blades    | 1 2 3 4 5 |  5.7
Axes           | 1 2 3 4 5 |  5.7
Maces & Flails | 1 2 3 4 5 |  5.7
Slings         | 1 2 3 4 5 |  5.7
Bows           | 1 2 3 4 5 |  5.7
Crossbows      | 1 2 3 4 5 |  5.7
Armour         | 1 2 3 4 5 |  5.7
Dodging        | 1 2 3 4 5 |  5.7
Shields        | 1 2 3 4 5 |  5.7
Unarmed Combat | 1 2 3 4 5 |  5.7
Spellcasting   | 1 2 3 4 5 |  5.7
Evocations     | 1 2 3 4 5 |  5.7
Conjurations   | 1 2 3 4 |  4.7
Hexes          | 1 2 3 4 |  4.7
Summonings     | 1 2 3 4 |  4.7
Necromancy     | 1 2 3 4 |  4.7
Translocations | 1 2 3 4 |  4.7
Transmutations | 1 2 3 4 |  4.7
Fire Magic     | 1 2 3 4 |  4.7
Ice Magic      | 1 2 3 4 |  4.7
Air Magic      | 1 2 3 4 |  4.7
Earth Magic    | 1 2 3 4 |  4.7
Poison Magic   | 1 2 3 4 |  4.7
Fighting       | 5 6 7 |  7.4
Polearms       | 5 6 7 |  7.4
Staves         | 5 6 7 |  7.4
Throwing       | 5 6 7 |  7.4
Stealth        | 5 6 7 |  7.2

Action                   |  1- 3 |  4- 6 |  7- 9 | 10-12 || total
-------------------------+-------+-------+-------+-------++-------
Melee: Spear             |    87 |    74 |       |       ||   161
       Bite              |    11 |     8 |    30 |    23 ||    72
       Trident           |       |    66 |   363 |   179 ||   608
       Punch             |       |     2 |     3 |    10 ||    15
       Triple sword      |       |       |     8 |     3 ||    11
       Dagger            |       |       |     3 |     6 ||     9
       Rapier            |       |       |       |     2 ||     2
 Fire: Shortbow          |       |       |    10 |   153 ||   163
Throw: Stone             |     1 |    20 |   136 |       ||   157
       Dart              |       |     8 |    13 |    15 ||    36
 Cast: Confusing Touch   |       |       |     4 |     3 ||     7
       Sandblast         |       |       |       |     4 ||     4
       Call Imp          |       |       |       |     2 ||     2
       Stone Arrow       |       |       |       |     1 ||     1
       Searing Ray       |       |       |       |     1 ||     1
       Gell's Gravitas   |       |       |       |     1 ||     1
Invok: Draw Destruction  |       |       |     1 |     3 ||     4
Evoke: Wand              |       |       |     2 |     1 ||     3
  Use: Potion            |     5 |     2 |     4 |     2 ||    13
       Scroll            |     5 |     4 |     6 |     6 ||    21
 Stab: Sleeping          |     9 |     8 |    13 |     3 ||    33
       Confused          |       |       |     3 |     1 ||     4
       Distracted        |       |       |     1 |       ||     1
Armor: Robe              |    23 |    11 |    11 |    47 ||    92
       Leather armour    |       |    10 |    37 |       ||    47
Dodge: Dodged            |    40 |    46 |   136 |   168 ||   390
Block: Kite shield       |       |       |    48 |       ||    48
       Rpst.: Triple sword |       |       |     2 |     4 ||     6
